 Dungeon Crawl Stone Soup version 0.29.1-14-g9c671dbff4 (webtiles) character file.

Game seed: 13938300338846264075

9 leafyfresh the Sneak (level 2, -3/21 HPs)
             Began as an Octopode Delver on Feb 20, 2023.
             Slain by a scorpion (7 damage)
             ... on level 4 of the Dungeon.
             The game lasted 00:00:12 (33 turns).

leafyfresh the Sneak (Octopode Delver)                Turns: 33, Time: 00:00:13

Health: -3/21      AC:  1    Str: 11    XL:     2   Next: 12%
Magic:  2/2        EV: 13    Int: 12    God:
Gold:   7          SH:  0    Dex: 13    Spells: 1/1 levels left

rFire   . . .      SeeInvis .   a - +0 short sword
rCold   . . .      Faith    .   (no shield)
rNeg    . . .      Spirit   .   (helmet restricted)
rPois   .          Reflect  .   (no amulet)
rElec   .          Harm     .   (no ring)
rCorr   .          Rampage  .   (no ring)
Will    .....                   (no ring)
Stlth   ++++......              (no ring)
HPRegen 0.07/turn               (no ring)
MPRegen 0.08/turn               (no ring)
                                (no ring)
                                (no ring)

@: lethally poisoned (-3 -> -6)
A: almost no armour, amphibious, 8 rings, camouflage 1, gelatinous body 1,
(nimble swimmer 1), tentacles
a: no special abilities


You were on level 4 of the Dungeon.
You visited 1 branch of the dungeon, and saw 2 of its levels.

You collected 7 gold pieces.

Inventory:

Hand Weapons
 a - a +0 short sword (weapon)
Wands
 f - a wand of digging (3)
Scrolls
 b - a scroll of fog
 c - a scroll of magic mapping
 d - a scroll of fear
Potions
 e - a potion of haste
 g - a potion of might {unknown}


   Skills:
 + Level 3.1 Fighting
 + Level 2.2 Short Blades
 + Level 2.2 Dodging
 + Level 6.7 Stealth


You had one spell level left.
You didn't know any spells.
Your spell library was empty.

Dungeon Overview and Level Annotations

Branches:
Dungeon (5/15)
 Temple: D:4-7

Altars:
Qazlal


Innate Abilities, Weirdness & Mutations

You cannot wear most types of armour.
You are amphibious.
You can wear up to eight rings at the same time.
Your skin changes colour to match your surroundings (Stealth+).
Your rubbery body absorbs attacks. (AC +1, EV +1)
((You are camouflaged when in or above water. (Stealth+)))
You have tentacles for arms and can constrict up to eight enemies at once.


Message History

Found a stone staircase leading up.
No target in view!
You now have 7 gold pieces.
An adder comes into view.
A scorpion comes into view.
The scorpion moves out of view.
An adder is nearby!
An adder is nearby!
Found a stormy altar of Qazlal.
Found a stone staircase leading down.
A kobold comes into view. It is wielding a +0 short sword.
A hobgoblin comes into view.
The helpless adder fails to defend itself.
You puncture the adder!
You kill the adder!
You have reached level 2!
You hit the scorpion but do no damage. You grab the scorpion.
You constrict the scorpion, but do no damage.
The scorpion stings you.
Unknown command.
You hit the scorpion but do no damage. You constrict the scorpion.
The scorpion stings you.
You are poisoned.
The scorpion poisons you! The hobgoblin hits you.
Unknown command.
You hit the scorpion but do no damage. You squeeze the scorpion.
The scorpion is moderately wounded.
You constrict the scorpion.
You feel sick. The scorpion misses you.
Unknown command.
You hit the scorpion.
The scorpion is heavily wounded.
You constrict the scorpion.
You feel sick. The hobgoblin barely misses you. The scorpion stings you.
Unknown command.
You hit the scorpion but do no damage.
The scorpion is heavily wounded.
You constrict the scorpion.
You feel sick. The hobgoblin closely misses you.
The kobold hits you with a +0 short sword.
* * * LOW HITPOINT WARNING * * *
The scorpion stings you!
You die...

#.# .####...#..≈≈≈≈ ##
#.##.#..##....≈≈_..
.##.###..#.........≈≈≈≈≈
...........##<##....≈≈≈≈
..............##.......
###.....##.##...>...
#..#..##..#.....# .
####.#....#..#...s.#....
.#..##..##.....#@K.....#
...##.>..##.....g†#.....
...#.#......#..##.......
##............## .......
##..#......... .......
#........... .......
#.#......)... .......
#.##......... .#..... ##
....#.....


You could see a scorpion, a hobgoblin and a kobold.

Vanquished Creatures
  An adder (D:4)
1 creature vanquished.

Notes
Turn   | Place    | Note
-------+----------+-------------------------------------------
     0 | D:5      | leafyfresh the Octopode Delver began the quest for the Orb.
     0 | D:5      | Reached XP level 1. HP: 16/16 MP: 1/1
    23 | D:4      | Noticed a scorpion
    25 | D:4      | Found a stormy altar of Qazlal.
    29 | D:4      | Reached XP level 2. HP: 21/21 MP: 2/2
    33 | D:4      | Slain by a scorpion

Illustrated notes

Levels and vault maps discovered:
D:4:      layout_layer_cave, tgw_kikubaaqudgha, mainiacjoe_overflow_catwalk,
          uniq_grinder, uniq_edmund
D:5:      layout_loops_ring, hangedman_decor_clover_reticule, uniq_ijyb,
          uniq_crazy_yiuf_cottage

Action                   || total
-------------------------++-------
Melee: Short sword       ||     6
       Constrict         ||     1
       Tentacles         ||     1
 Stab: Sleeping          ||     1
Dodge: Dodged            ||     3
